AoeStats
← shh_haw

Arabia

510594173Analyzed
1v1 RM · 10h ago on Oct 1, 2026· 30m 50s· 2 players
Game mode
Random Map
Map size
Tiny (2 player)
Population
200
Speed
Normal
Resources
Standard
Victory
Conquest
Starting age
Dark Age
Ending age
Imperial Age
RankedLock teamsTeams togetherTeam positionsShared explorationLock speedFull tech treeHidden civsTurbo modeCheats
Victory
Defeat
🇺🇸 Lithuanians · United States
1472
+17
🇦🇷 Franks · Argentina
1485
-17
shh_haw
8:51 Feudal Age
8:30 Loom
8:53 Man-at-Arms
9:42 Double-Bit Axe
10:35 Horse Collar
16:11 Fletching
17:24 Scale Mail Armor
17:28 Padded Archer Armor
25:39 Castle Age
24:49 Scale Barding Armor
24:55 Forging
25:35 Gold Mining
25:36 Stone Mining
26:17 Bloodlines
26:59 Bodkin Arrow
28:39 Crossbowman
29:39 Husbandry
31:11 Chain Barding Armor
Luclas
7:37 Loom
9:58 Feudal Age
10:13 Man-at-Arms
15:20 Double-Bit Axe
16:42 Fletching
18:08 Padded Archer Armor
20:13 Wheelbarrow
23:54 Castle Age
24:58 Scale Barding Armor
26:52 Town Watch
27:51 Forging
Connection lost

Rejoining the realm…

Still unreachable

The connection could not be restored.

Session expired

The server has moved on; the page needs a fresh start.